 Dungeon Crawl Stone Soup version 0.30.1 (webtiles) character file.

Game seed: 4315021048511873500

44 spardeous the Sneak (level 3, 0/14 HPs)
             Began as a Felid Earth Elementalist on July 14, 2023.
             Slain by an iguana (14 damage)
             ... on level 3 of the Dungeon.
             The game lasted 00:01:34 (918 turns).

spardeous the Sneak (Felid Earth Elementalist)       Turns: 918, Time: 00:01:35

Health: 0/14       AC:  1    Str:  4    XL:     3   Next: 41%
Magic:  3/7        EV: 18    Int: 18    God:
Gold:   50         SH:  0    Dex: 16    Spells: 5/6 levels left
                                        Lives:  0   Deaths: 0

rFire   . . .        (weapon unavailable)
rCold   . . .        (shield unavailable)
rNeg    . . .        (body armour unavailable)
rPois   .            (helmet unavailable)
rElec   .            (cloak unavailable)
rCorr   .            (gloves unavailable)
SInv    +            (boots unavailable)
Will    .....        (no amulet)
Stlth   +++          (no ring)
HPRegen 0.22/turn    (no ring)
MPRegen 0.10/turn

%: no passive effects
@: very slightly contaminated, quick
A: very small, claws 1, fangs 3, see invisible, speed 1, shaggy fur 1, stealthy
paws, no weapons or thrown items, no armour, multi-lived
a: no special abilities


You were on level 3 of the Dungeon.
You visited 1 branch of the dungeon, and saw 3 of its levels.

You collected 50 gold pieces.

Inventory:

Scrolls
 b - a scroll of fog {unknown}
 c - a scroll of summoning {unknown}
 d - a scroll of immolation {unknown}
Potions
 a - a potion of magic


   Skills:
 + Level 3.4 Dodging
 + Level 3.6 Stealth
 - Level 2.0 Spellcasting
 - Level 1.1 Transmutations
 * Level 3.4 Earth Magic


You had 5 spell levels left.
You knew the following spells:

 Your Spells              Type           Power      Damage    Failure   Level
a - Sandblast             Erth           28%        2d8       4%          1

Your spell library contained the following spells:

 Spells                   Type           Power      Damage    Failure   Level
 Passwall                 Tmut/Erth      8%         N/A       11%         2
 Stone Arrow              Conj/Erth      16%        3d8       26%         3
 Petrify                  Tmut/Erth      10%        N/A       56%         4


Dungeon Overview and Level Annotations

Branches:
Dungeon (3/15)

Altars:

Annotations:
D:3 Natasha


Innate Abilities, Weirdness & Mutations

You have sharp claws.
You have razor-sharp teeth.
You have supernaturally acute eyesight. (SInv)
You cover ground quickly. (Speed+)
You are covered in fur. (AC +1)
Your paws help you pounce on unaware monsters.
You are incapable of wielding weapons or throwing items.
You cannot wear armour.
You gain extra lives every three experience levels.


Message History

Aim: an iguana (heavily wounded, 84% to hit)
The blast of sand hits the iguana but does no damage.
The iguana is heavily wounded.
Casting: Sandblast (safe; 4% risk of failure)
Confirm with . or Enter, or press ? or * to list all spells.
Aiming: Sandblast (safe; 4% risk of failure)
Press: ? - help, Shift-Dir - straight line, f/p - iguana
Aim: an iguana (heavily wounded, 84% to hit)
The blast of sand hits the iguana.
The iguana is severely wounded.
Casting: Sandblast (safe; 4% risk of failure)
Confirm with . or Enter, or press ? or * to list all spells.
Aiming: Sandblast (safe; 4% risk of failure)
Press: ? - help, Shift-Dir - straight line, f/p - iguana
Aim: an iguana (severely wounded, 84% to hit)
The blast of sand hits the iguana.
The iguana is almost dead.
The iguana misses you.
You see here a jackal skeleton.
Things that are here:
a +0 club; a goblin skeleton You see here a jackal skeleton.
Casting: Sandblast (safe; 4% risk of failure)
Confirm with . or Enter, or press ? or * to list all spells.
Aiming: Sandblast (safe; 4% risk of failure)
Press: ? - help, Shift-Dir - straight line, f/p - iguana
Aim: an iguana (almost dead, 84% to hit)
You miscast Sandblast.
You are very lightly contaminated with residual magic.
Nothing appears to happen.
Casting: Sandblast (safe; 4% risk of failure)
Confirm with . or Enter, or press ? or * to list all spells.
Aiming: Sandblast (safe; 4% risk of failure)
Press: ? - help, Shift-Dir - straight line, f/p - iguana
Aim: an iguana (almost dead, 84% to hit)
The blast of sand hits the iguana but does no damage.
The iguana is almost dead.
The iguana bites you!
Ouch! That really hurt!
You die...

######### # #........
############### #........
..............##########........
.........<.÷)÷.........'........
............#..l@.######........
###...##....#####.# #........
###.#.##.##.#.....# #.(......
....#.##.##.#+##########........
>...'....###...##...............
....#..........##.######........
....#####......##.# #........
....# #.##...##.# #########
##### #..+...'..#


You could see an iguana.

Vanquished Creatures
  2 adders (D:2)
  A worm (D:2)
  A dart slug (D:1)
  2 giant cockroaches (D:1)
  A hobgoblin (D:1)
  3 jackals (D:3)
  2 quokkas (D:1)
  3 ball pythons
  4 goblins
  A kobold (D:2)
20 creatures vanquished.

Notes
Turn   | Place    | Note
-------+----------+-------------------------------------------
     0 | D:1      | spardeous the Felid Earth Elementalist began the quest for
                  | the Orb.
     0 | D:1      | Reached XP level 1. HP: 7/7 MP: 4/4
   204 | D:1      | Reached XP level 2. HP: 11/11 MP: 4/6
   451 | D:2      | Reached XP level 3. HP: 11/14 MP: 0/7
   819 | D:3      | Noticed Natasha
   918 | D:3      | Slain by an iguana

Illustrated notes

Levels and vault maps discovered:
D:1:      dpeg_arrival_oval, layout_basic
D:2:      layout_rooms, minmay_misc_feat_square
D:3:      layout_basic, biasface_ghost_orc_armoury, serial_curves,
          eino_curves_02, eino_curves_01, hellmonk_guarded_unrand_hermit,
          uniq_natasha

Skill      XL: |  1 |
---------------+----+-----
Dodging        | 3 |  3.4
Stealth        | 3 |  3.6
Earth Magic    | 3 |  3.4
Spellcasting   | |  2.0
Transmutations | |  1.1

Action                     || total
---------------------------++-------
   Cast: Sandblast         ||    45
 Armour: Skin              ||     1
  Dodge: Dodged            ||    18
